Map: Ночной сумрак РВ

Players

Bibizyan - Winner!

  • Race: Protoss Protoss
  • Spawn Location: 11:00

control

  • Race: Terran Terran
  • League: Master
  • Spawn Location: 5:00

VOD

Have the link to the VOD?

Description

Time

  • Played on: April 17, 2020, 2:17 p.m.
  • Length: 6:28
Show
View Real Time Build Order
Export as new Build Order

Bibizyan Protoss - Winner!

Build Orders: 1 Gate Expand 

Get SALT Encoding   

  12  0:00  Probe  
  13  0:12  Probe  
  14  0:17  Pylon  
  14  0:25  Probe (Chrono Boost)  
  16  0:37  Probe (Chrono Boost), Gateway  
  16  0:42  Probe (Chrono Boost)  
  16  0:46  Assimilator  
  17  0:53  Probe  
  18  1:05  Probe  
  19  1:25  Cybernetics Core  
  19  1:31  Probe  
  20  1:33  Nexus  
  20  1:41  Pylon  
  20  1:43  Probe  
  21  1:49  Assimilator  
  21  1:55  Probe  
  21  1:58  Adept (Chrono Boost)  
  24  2:07  Probe  
  25  2:11  Warp Gate  
  25  2:19  Probe  
  25  2:22  Stalker  
  27  2:32  Probe  
  28  2:40  Twilight Council  
  29  2:44  Probe (Chrono Boost)  
  29  2:45  Probe (Chrono Boost)  
  30  2:54  Probe x2 (Chrono Boost)  
  32  2:59  Probe x2 (Chrono Boost)  
  32  3:04  Robotics Facility  
  34  3:11  Probe (Chrono Boost)  
  36  3:15  Probe (Chrono Boost)  
  36  3:17  Charge  
  37  3:21  Probe (Chrono Boost)  
  37  3:24  Probe (Chrono Boost)  
  37  3:26  Probe (Chrono Boost)  
  38  3:31  Gateway  
  38  3:33  Gateway  
  39  3:34  Probe  
  39  3:35  Gateway  
  39  3:37  Probe  
  41  3:48  Immortal (Chrono Boost)  
  41  3:49  Probe  
  46  4:03  Pylon  
  46  4:07  Gateway, Pylon  
  46  4:18  Immortal (Chrono Boost)  
  50  4:24  Gateway  
  50  4:31  Sentry x2, Gateway  
  52  4:38  Pylon  
  52  4:39  Zealot x2  
  52  4:42  Pylon  
  56  4:47  Warp Prism (Chrono Boost)  
  58  5:02  Zealot x4  
  66  5:09  Pylon  
  66  5:13  Sentry  
  68  5:16  Observer  
  69  5:22  Zealot  
  71  5:33  Zealot  
  71  5:34  Zealot x4  
  81  5:36  Stalker  
  73  6:00  Zealot x2  
  73  6:01  Zealot x3  
  73  6:04  Zealot x2  
  79  6:22  Zealot x3  
Show
View Real Time Build Order
Export as new Build Order

control Terran 

Build Orders: Gas First Reaper Expand 

Get SALT Encoding   

  12  0:00  SCV  
  13  0:12  SCV  
  14  0:17  Supply Depot  
  14  0:24  SCV  
  15  0:30  Refinery  
  15  0:38  SCV  
  16  0:44  Barracks  
  16  0:50  SCV  
  17  1:02  SCV  
  18  1:14  SCV  
  19  1:32  Orbital Command, Reaper  
  20  1:53  Command Center  
  20  1:56  Factory  
  20  2:00  SCV  
  21  2:06  Refinery  
  21  2:08  Barracks Reactor  
  21  2:15  SCV  
  22  2:19  Supply Depot  
  22  2:27  SCV  
  23  2:40  SCV  
  23  2:41  Widow Mine  
  26  2:45  Marine x2  
  26  2:46  Starport  
  28  2:52  SCV  
  30  3:06  Orbital Command  
  30  3:10  Factory Tech Lab  
  30  3:11  SCV  
  29  3:16  Marine x2  
  31  3:23  Starport Tech Lab, SCV  
  32  3:28  Orbital Command  
  32  3:30  Cyclone  
  32  3:34  Marine x2  
  35  3:35  SCV  
  38  3:44  Refinery  
  38  3:49  Raven  
  41  3:55  SCV  
  41  3:56  SCV  
  42  4:08  SCV x2  
  44  4:17  Barracks  
  44  4:19  Factory Reactor  
  44  4:20  Marauder, Barracks, Stimpack  
  46  4:30  Supply Depot, SCV x2  
  48  4:32  Engineering Bay  
  48  4:43  SCV x2  
  50  4:50  Starport Reactor  
  50  4:52  Supply Depot  
  50  4:55  SCV x2  
  54  5:02  Marine  
  53  5:09  Marine x2, Widow Mine  
  53  5:11  SCV x2  
  59  5:21  Missile Turret  
  59  5:25  Marine  
  59  5:26  Marine x2  
  59  5:27  Marine x2  
  59  5:28  Medivac x2  
  66  5:34  Supply Depot  
  66  5:35  Supply Depot  
  68  5:40  Widow Mine  
  70  5:48  Marine  
  70  5:49  Marine  
  70  5:50  Marine x2  
Tags
 
Add a new tag
Caveats
  • Supply blocks, unpowered buildings, or Contaminate may cause inaccurate times.
  • Supply counts are checked every 10 seconds.